 Dungeon Crawl Stone Soup version 0.29.1-2-gbd0b4ee654 (webtiles) character file.

Game seed: 16218138915433850369

120 whiskeysaurus the Conjurer (level 4, -1/24 HPs)
             Began as a Deep Elf Conjurer on Nov 23, 2022.
             Slain by an iguana (14 damage)
             ... on level 4 of the Dungeon.
             The game lasted 00:04:00 (3389 turns).

whiskeysaurus the Conjurer (Deep Elf Conjurer)      Turns: 3389, Time: 00:04:00

Health: -1/24      AC:  2    Str:  4    XL:     4   Next: 75%
Magic:  2/11       EV: 13    Int: 25    God:
Gold:   297        SH:  0    Dex: 13    Spells: 9/10 levels left

rFire   . . .      SeeInvis .   s - +10 flail "Roabah" {vorpal, rPois}
rCold   . . .      Faith    .   (no shield)
rNeg    + . .      Spirit   .   a - +0 robe
rPois   +          Reflect  .   (no helmet)
rElec   .          Harm     .   (no cloak)
rCorr   .          Rampage  .   (no gloves)
Will    .....                   (no boots)
Stlth   ++........              (no amulet)
HPRegen 0.08/turn               i - ring of positive energy
MPRegen 0.12/turn               (no ring)

@: very slightly contaminated
A: no striking features
a: no special abilities


You were on level 4 of the Dungeon.
You visited 1 branch of the dungeon, and saw 4 of its levels.

You collected 297 gold pieces.

Inventory:

Hand Weapons
 f - a +0 long sword
 l - a +0 dagger
 s - the +10 flail "Roabah" (weapon) {vorpal, rPois}
   (You found it on level 4 of the Dungeon)

   It inflicts extra damage upon your enemies.
   rPois:     It protects you from poison.
Missiles
 u - 12 stones
Armour
 a - a +0 robe (worn)
Jewellery
 i - a ring of positive energy (left hand)
Scrolls
 d - a scroll of teleportation {unknown}
 h - a scroll of identify {unknown}
 m - a scroll of enchant weapon {unknown}
 n - a scroll of magic mapping {unknown}
 r - a scroll of poison {unknown}
Potions
 b - 2 potions of magic
 c - 2 potions of haste {unknown}
 e - a potion of resistance {unknown}
 g - 3 potions of lignification {unknown}
 j - a potion of curing {unknown}
 k - 4 potions of heal wounds {unknown}
 o - a potion of flight {unknown}
 p - a potion of berserk rage {unknown}
 q - a potion of ambrosia {unknown}
 t - a potion of attraction {unknown}


   Skills:
 + Level 3.2 Dodging
 + Level 3.4 Stealth
 + Level 3.8 Spellcasting
 + Level 4.9 Conjurations
 * Level 3.3 Hexes


You had 9 spell levels left.
You knew the following spells:

 Your Spells              Type           Power      Damage    Failure   Level
a - Magic Dart            Conj           100%       1d8       1%          1

Your spell library contained the following spells:

 Spells                   Type           Power      Damage    Failure   Level
 Searing Ray              Conj           58%        2d6       1%          2
 Dazzling Flash           Conj/Hex       50%        N/A       5%          3
 Fulminant Prism          Conj/Hex       12%        3d9       17%         4
 Iskenderun's Mystic Bla  Conj/Tloc      17%        2d5       34%         4


Dungeon Overview and Level Annotations

Branches:
Dungeon (4/15)
 Temple: D:4-7

Altars:
Elyvilon
Makhleb


Message History

Found a burning altar of Makhleb.
u - 12 stones (gained 5)
You enter the shallow water.
Moving in this stuff is going to be slow.
An iguana comes into view.
Found a white marble altar of Elyvilon.
The magic dart hits the iguana but does no damage.
The iguana hisses angrily.
You can't see any susceptible monsters within range! (Use Z to cast anyway.)
You hit the bush but do no damage. You sock the bush!
The bush is lightly damaged.
You miscast Magic Dart.
You are very lightly contaminated with residual magic.
Nothing appears to happen.
The iguana closely misses you.
The magic dart hits the iguana.
The iguana is lightly wounded.
The iguana bites you.
You miscast Magic Dart.
Nothing appears to happen.
The iguana completely misses you.
The magic dart hits the iguana.
The iguana is heavily wounded.
The iguana completely misses you.
The magic dart hits the iguana but does no damage.
The iguana is heavily wounded.
The iguana closely misses you.
The magic dart hits the iguana but does no damage.
The iguana is heavily wounded.
The iguana barely misses you.
The magic dart hits the iguana.
The iguana is severely wounded.
The iguana misses you.
The magic dart hits the iguana.
The iguana is severely wounded.
The iguana bites you!
The magic dart hits the iguana but does no damage.
The iguana is severely wounded.
The iguana bites you!
Ouch! That really hurt!
You die...

#...# #...........#
#...###..........##
...............#.#####
.....................##
...............##.....#
..............###.###.#
...#####....>.# #.###.#
...# ..~~.P♣♣♣P.~~.#
...# ..~~P..P@.P≈~.#
...# ...P.♣♣l♣♣P...#
...# ♣P. ♣♣.P.# ...#
P.. ♣.♣.# ...# .._
.P♣.# ...# ♣P.. .♣.♣.#
#### ♣♣P..♣♣.P.# ♣♣.


You could see an iguana.

Vanquished Creatures
  Jessica (D:3)
  2 adders
  An ufetubus (D:3)
  2 worms (D:3)
  6 orcs
  4 endoplasms
  2 giant cockroaches
  5 goblins
  4 hobgoblins
  6 jackals (D:3)
  A quokka (D:3)
  3 ball pythons
  5 bats
  2 frilled lizards
  6 kobolds
  6 rats
56 creatures vanquished.

Vanquished Creatures (others)
  A fungus (D:1)
  3 toadstools (D:1)
4 creatures vanquished.

Grand Total: 60 creatures vanquished

Notes
Turn   | Place    | Note
-------+----------+-------------------------------------------
     0 | D:1      | whiskeysaurus the Deep Elf Conjurer began the quest for the
                  | Orb.
     0 | D:1      | Reached XP level 1. HP: 10/10 MP: 6/6
   273 | D:1      | Reached skill level 1 in Hexes
   377 | D:1      | Reached XP level 2. HP: 15/15 MP: 5/8
  1368 | D:2      | Found a faded altar of an unknown god.
  1728 | D:2      | Reached XP level 3. HP: 19/19 MP: 4/9
  2177 | D:3      | Noticed Jessica
  2182 | D:3      | Killed Jessica
  2183 | D:3      | Reached XP level 4. HP: 24/24 MP: 5/11
  3243 | D:4      | Identified the +10 flail "Roabah" {vorpal, rPois}
  3329 | D:4      | Found a burning altar of Makhleb.
  3377 | D:4      | Found a white marble altar of Elyvilon.
  3389 | D:4      | Slain by an iguana

Illustrated notes

Levels and vault maps discovered:
D:1:      amcnicky_arrival_single_pillar, layout_basic, minmay_gold_behind_fungi
D:2:      layout_loops_ring, ebering_ecumenical_altar_petrified
D:3:      layout_loops_ring, uniq_jessica
D:4:      layout_basic, nicolae_elyvilon_peaceful_grove, kennysheep_mini

Skill      XL: |  1  2  3  4 |
---------------+-------------+-----
Hexes          | 1 2 3 |  3.3
Stealth        | 3 |  3.4
Dodging        | 3 |  3.2
Spellcasting   | |  3.8
Conjurations   | |  4.9

Action                   |  1- 3 |  4- 6 || total
-------------------------+-------+-------++-------
Melee: Flail             |       |     2 ||     2
 Cast: Magic Dart        |    64 |    53 ||   117
Dodge: Dodged            |     2 |     9 ||    11
